AoeStats
← 西装老头

Black Forest

510120305Analyzed
4v4 RM · 2d ago on Sep 29, 2026· 42m 41s· 8 players
Game mode
Random Map
Map size
Large (8 player)
Population
200
Speed
Normal
Resources
Standard
Victory
Conquest
Starting age
Dark Age
Ending age
Imperial Age
RankedLock teamsTeams togetherTeam positionsShared explorationLock speedFull tech treeHidden civsTurbo modeCheats
Victory
Defeat
🇸🇪 Japanese · Sweden
945
+14
🇲🇽 Portuguese · Mexico
945
+14
🇺🇸 Danes · United States
912
+15
🇪🇸 Britons · Spain
878
+16
🇹🇼 Persians · Taiwan
999
-45
🇨🇳 Mongols · China
912
-16
🇨🇳 Khmer · China
907
-15
🇹🇼 Franks · Taiwan
741
-9
joseemiron
0:39 Loom
13:18 Feudal Age
15:11 Horse Collar
15:19 Double-Bit Axe
17:47 Castle Age
15:48 Gold Mining
16:38 Stone Mining
18:31 Wheelbarrow
18:55 Heavy Plow
19:35 Forging
20:53 Hand Cart
21:26 Town Watch
25:38 Imperial Age
24:40 Fletching
25:15 Ballistics
24:46 Guard Tower
27:23 Chemistry
26:21 Bodkin Arrow
27:57 Conscription
27:57 Treadmill Crane
28:28 Masonry
30:24 Bracer
30:59 Architecture
32:34 Keep
33:54 Bombard Tower
36:51 Town Patrol
37:33 Stone Shaft Mining
Stinsen_WX
0:41 Loom
11:54 Feudal Age
12:34 Horse Collar
13:02 Double-Bit Axe
20:46 Castle Age
21:14 Forging
21:10 Scale Mail Armor
24:37 Bow Saw
24:29 Heavy Plow
27:42 Gold Mining
30:32 Wheelbarrow
29:42 Town Watch
30:24 Fletching
33:16 Imperial Age
31:11 Caravan
32:20 Stone Mining
32:53 Thumb Ring
34:11 Chain Mail Armor
34:05 Gambesons
34:05 Arson
34:21 Squires
34:54 Hand Cart
35:06 Conscription
34:51 Pikeman
36:42 Halberdier
38:43 Elite Samurai
41:13 Plate Mail Armor
41:19 Iron Casting
42:36 Gold Shaft Mining
43:18 Two-Man Saw
42:48 Kataparuto
shabolobodingdong
0:29 Loom
14:19 Feudal Age
22:10 Castle Age
20:16 Double-Bit Axe
20:24 Stone Mining
20:29 Gold Mining
20:22 Horse Collar
20:49 Scale Mail Armor
21:00 Forging
24:04 Heavy Plow
24:18 Bow Saw
29:37 Gambesons
29:53 Squires
29:38 Arson
41:33 Imperial Age
40:52 Hamask
PREDATOR_BG
11:39 Feudal Age
13:50 Loom
16:52 Castle Age
14:41 Double-Bit Axe
16:30 Horse Collar
18:38 Bow Saw
23:17 Gold Mining
23:20 Stone Mining
23:36 Fletching
25:11 Gold Shaft Mining
25:21 Yeomen
25:40 Bodkin Arrow
30:58 Imperial Age
29:34 Wheelbarrow
29:15 Padded Archer Armor
30:19 Leather Archer Armor
31:00 Ballistics
30:21 Treadmill Crane
31:40 Hand Cart
32:08 Conscription
33:08 Two-Man Saw
33:12 Chemistry
32:43 Bracer
34:17 Ring Archer Armor
35:26 Elite Longbowman
37:30 Siege Engineers
37:25 Murder Holes
37:51 Warwolf
38:13 Scale Mail Armor
38:24 Forging
39:27 Pikeman
40:08 Squires
西装老头
0:29 Loom
10:32 Feudal Age
16:21 Castle Age
15:01 Double-Bit Axe
25:03 Wheelbarrow
29:08 Imperial Age
26:54 Town Watch
27:59 Husbandry
28:10 Bloodlines
27:52 Horse Collar
30:13 Conscription
30:16 Bloodlines
30:45 Hand Cart
30:13 Pikeman
32:59 Tusk Swords
33:16 Fortified Wall
33:33 Heavy Plow
33:53 Bow Saw
33:44 Gold Mining
34:29 Ballistics
34:42 Town Patrol
36:30 Forging
36:26 Scale Barding Armor
36:22 Scale Mail Armor
37:02 Stone Mining
36:49 Halberdier
ethan841229
6:13 Loom
10:57 Feudal Age
11:22 Double-Bit Axe
13:39 Horse Collar
19:28 Castle Age
18:46 Gold Mining
18:47 Stone Mining
22:27 Wheelbarrow
23:20 Gold Shaft Mining
23:20 Stone Shaft Mining
24:11 Bow Saw
25:34 Hand Cart
29:04 Ballistics
28:56 Masonry
32:31 Imperial Age
30:53 Scale Barding Armor
31:56 Husbandry
32:07 Bloodlines
33:25 Chain Barding Armor
33:15 Forging
32:29 Cavalier
34:27 Two-Man Saw
34:52 Plate Barding Armor
34:48 Conscription
35:14 Savar
36:14 Heavy Plow
37:11 Iron Casting
39:26 Blast Furnace
39:55 Fletching
patrick60303
10:58 Feudal Age
11:29 Double-Bit Axe
14:28 Wheelbarrow
13:55 Stone Mining
19:53 Gold Mining
24:16 Castle Age
25:42 Bow Saw
27:53 Gold Shaft Mining
29:31 Hand Cart
29:55 Caravan
30:37 Town Watch
36:09 Imperial Age
34:14 Town Patrol
37:09 Cavalier
37:52 Husbandry
39:04 Forging
39:02 Scale Barding Armor
38:44 Paladin
40:18 Chain Barding Armor
风从草原走过
2:13 Loom
11:53 Feudal Age
15:45 Castle Age
14:01 Double-Bit Axe
14:23 Horse Collar
16:44 Bow Saw
17:11 Heavy Plow
18:43 Fervor
23:24 Wheelbarrow
25:12 Hand Cart
30:47 Imperial Age
28:29 Stone Mining
30:11 Stone Shaft Mining
30:31 Gold Mining
32:20 Bloodlines
32:10 Husbandry
34:45 Fletching
34:55 Padded Archer Armor
36:10 Heavy Cavalry Archer
37:16 Parthian Tactics
36:56 Thumb Ring
38:47 Gold Shaft Mining
39:50 Padded Archer Armor
39:45 Bodkin Arrow
40:19 Nomads
40:40 Conscription
Connection lost

Rejoining the realm…

Still unreachable

The connection could not be restored.

Session expired

The server has moved on; the page needs a fresh start.